[Event "42nd Olympiad Baku 2016 Open"]
[Site "Baku"]
[Date "2016.09.02"]
[Round "1.14"]
[White "Davy, Damion"]
[Black "Perez Ponsa, Federico"]
[Result "1/2-1/2"]
[ECO "E46"]
[WhiteElo "2117"]
[BlackElo "2585"]
[PlyCount "133"]
[EventDate "2016.??.??"]
[EventCountry "AZE"]
[WhiteTeam "Jamaika"]
[BlackTeam "Argentinien"]
[WhiteTeamCountry "JAM"]
[BlackTeamCountry "ARG"]
[TimeControl "40/5400+30:1800+30"]
[WhiteClock "0:02:47"]
[BlackClock "0:23:47"]

1. d4 {(00:00} Nf6 {(00:00} 2. c4 {(00:00} e6 {(
00:17} 3. Nc3 {(00:00} Bb4 {(00:12} 4. e3 {(00:01} O-O
{(00:25} 5. Nge2 {(00:06} d5 {(01:40} 6. a3 {(
00:06} Be7 {(00:04} 7. cxd5 {(00:04} exd5 {(00:04} 8.
Nf4 {(00:06} Re8 {(00:57} 9. Bd3 {(01:27} Bd6 {(
01:26} 10. O-O {(06:48} Bxf4 {(02:12} 11. exf4 {(00:14]
} Nc6 {(00:05} 12. Bc2 {(06:46} Ne7 {(03:05} 13. h3 {
(04:39} Bf5 {(03:57} 14. Ba4 {(03:08} Bd7 {(03:
23} 15. Bc2 {(01:19} h5 {(06:20} 16. Re1 {(00:21} Nc6
{(03:48} 17. Rxe8+ {(03:12} Qxe8 {(00:20} 18. f5 {
(00:13} Qc8 {(06:41} 19. g4 {(10:06} hxg4 {(01:
11} 20. hxg4 {(00:06} Ne7 {(05:51} 21. Bg5 {(09:56} c5
{(09:57} 22. Bxf6 {(01:04} gxf6 {(00:11} 23. Kg2 {
(00:17} cxd4 {(03:29} 24. Qxd4 {(05:23} Qc4 {(
00:30} 25. Rd1 {(03:32} Rc8 {(09:05} 26. f3 {(05:31}
Qxd4 {(08:06} 27. Rxd4 {(02:49} Nc6 {(01:11} 28. Rxd5 {
(02:01} Ne5 {(00:08} 29. Be4 {(01:57} Bc6 {(05:
30} 30. Rd4 {(02:34} Kg7 {(03:07} 31. Kg3 {(02:46}
Bxe4 {(02:56} 32. Nxe4 {(00:21} Rc1 {(03:54} 33. Kf4 {
(10:45} Rf1 {(01:35} 34. Nxf6 {(02:01} Nxf3 {(
00:11} 35. Nh5+ {(00:08} Kf8 {(00:04} 36. Rd8+ {(00:47]
} Ke7 {(00:06} 37. Rb8 {(00:07} Nd2+ {(02:53} 38. Ke3 {
(03:47} Nc4+ {(00:05} 39. Ke2 {(00:18} Rg1 {(00:
22} 40. Rxb7+ {(00:00} Kd6 {(00:00} 41. Rxf7 {(06:06}
Rxg4 {(00:30} 42. Rxa7 {(00:10} Rg2+ {(04:24} 43. Kf3 {
(05:50} Rxb2 {(00:04} 44. Kf4 {(00:06} Rh2 {(05:
59} 45. Ra6+ {(01:33} Kd5 {(03:33} 46. Nf6+ {(02:07}
Kd4 {(00:11} 47. Ng4 {(00:08} Rh1 {(00:37} 48. f6 {
(00:37} Rf1+ {(01:48} 49. Kg5 {(00:19} Kd5 {(00:
16} 50. Ra7 {(00:46} Ke6 {(00:55} 51. Re7+ {(04:54}
Kd6 {(00:01} 52. a4 {(00:53} Nb6 {(00:17} 53. a5 {
(06:33} Nd5 {(00:15} 54. Rh7 {(04:07} Ke6 {(00:
32} 55. a6 {(05:12} Rf5+ {(01:51} 56. Kh4 {(00:29} Nf4
{(08:25} 57. Re7+ {(03:50} Kd6 {(00:01} 58. Kg3 {
(05:51} Nh5+ {(01:28} 59. Kh4 {(01:22} Nxf6 {(
00:58} 60. Rg7 {(02:25} Nxg4 {(00:45} 61. Kxg4 {(01:00]
} Rf8 {(00:22} 62. a7 {(00:22} Kc6 {(00:22} 63. Rf7 {
(00:23} Ra8 {(00:06} 64. Kf5 {(00:07} Kb6 {(00:
07} 65. Ke5 {(00:04} Rxa7 {(00:04} 66. Rxa7 {(00:03}
Kxa7 {(00:04} 67. Ke4 {(00:40} 1/2-1/2

[Event "42nd Olympiad Baku 2016 Open"]
[Site "Baku"]
[Date "2016.09.02"]
[Round "1.6"]
[White "De La Riva Aguado, Oscar"]
[Black "So, Wesley"]
[Result "0-1"]
[ECO "C44"]
[WhiteElo "2503"]
[BlackElo "2782"]
[PlyCount "100"]
[EventDate "2016.??.??"]
[EventCountry "AZE"]
[WhiteTeam "Andorra"]
[BlackTeam "Vereinigte Staaten"]
[WhiteTeamCountry "AND"]
[BlackTeamCountry "USA"]
[TimeControl "40/5400+30:1800+30"]
[WhiteClock "0:01:18"]
[BlackClock "0:07:45"]

1. e4 {(00:00} e5 {(00:00} 2. Nf3 {(00:13} Nc6 {
(00:00} 3. d4 {(01:11} exd4 {(00:00} 4. Nxd4 {(
00:05} Nf6 {(00:13} 5. Nxc6 {(01:32} bxc6 {(00:06} 6.
Qe2 {(01:32} Rb8 {(00:41} 7. e5 {(03:22} Nd5 {(
00:10} 8. c4 {(00:50} Bb4+ {(01:32} 9. Nd2 {(01:46}
Nf4 {(21:37} 10. Qe3 {(05:07} Ng6 {(05:20} 11. a3 {
(15:11} Be7 {(04:00} 12. Nf3 {(14:11} c5 {(10:
47} 13. h4 {(04:25} Rb6 {(06:40} 14. h5 {(09:22} Nf8 {
(01:17} 15. Qc3 {(00:06} f6 {(08:23} 16. h6 {(
10:57} g6 {(00:25} 17. Be3 {(06:29} Ne6 {(00:49} 18.
Bd3 {(11:14} fxe5 {(00:15} 19. Qxe5 {(00:06} O-O {
(02:39} 20. Rd1 {(03:32} Bb7 {(04:50} 21. Rh3 {(
01:53} Bd6 {(06:21} 22. Qc3 {(00:05} Qf6 {(00:03} 23.
Qxf6 {(01:26} Rxf6 {(00:03} 24. b4 {(00:06} cxb4 {
(00:33} 25. Bxb6 {(01:11} axb6 {(00:38} 26. axb4 {
(00:20} Bxb4+ {(05:54} 27. Kf1 {(00:10} Bd6 {(
00:05} 28. Rh4 {(03:57} Nf4 {(01:32} 29. Be2 {(00:26}
Rf5 {(07:40} 30. Rd4 {(00:59} Kf7 {(03:40} 31. Bd3 {
(01:08} Nxd3 {(03:36} 32. Rxd3 {(00:06} g5 {(00:
57} 33. Rg4 {(01:31} Kf6 {(00:46} 34. Rgd4 {(00:33}
Bc6 {(00:27} 35. Rxd6+ {(01:47} cxd6 {(00:03} 36. Rxd6+
{(00:05} Ke7 {(00:05} 37. Rd3 {(00:18} Bxf3 {(
04:01} 38. gxf3 {(00:04} Kd8 {(00:26} 39. Kg2 {(00:58}
Rf4 {(01:07} 40. Rb3 {(00:00} Kc7 {(00:00} 41. Re3 {
(14:54} Rh4 {(19:43} 42. Re5 {(07:20} Rxh6 {(00:
05} 43. Rxg5 {(00:05} Rg6 {(00:02} 44. f4 {(00:07} Kc6
{(06:21} 45. Kf3 {(06:28} Rxg5 {(03:02} 46. fxg5 {
(00:08} d5 {(00:03} 47. cxd5+ {(05:40} Kxd5 {(
00:01} 48. Kg4 {(00:29} b5 {(00:10} 49. f4 {(00:07} b4
{(00:04} 50. f5 {(00:10} b3 {(00:03} 0-1

[Event "42nd Olympiad Baku 2016 Open"]
[Site "Baku"]
[Date "2016.09.02"]
[Round "1.23"]
[White "Deac, Bogdan-Daniel"]
[Black "Zerafa, Robert"]
[Result "1-0"]
[ECO "C84"]
[WhiteElo "2524"]
[BlackElo "2068"]
[PlyCount "81"]
[EventDate "2016.??.??"]
[EventCountry "AZE"]
[WhiteTeam "Rumänien"]
[BlackTeam "Malta"]
[WhiteTeamCountry "ROU"]
[BlackTeamCountry "MLT"]
[TimeControl "40/5400+30:1800+30"]
[WhiteClock "1:36:30"]
[BlackClock "0:30:57"]

1. e4 {(00:00} e5 {(00:34} 2. Nf3 {(00:00} Nc6 {
(00:24} 3. Bb5 {(00:00} a6 {(00:04} 4. Ba4 {(00:
00} Nf6 {(00:35} 5. O-O {(00:11} Be7 {(00:38} 6. d3 {
(00:26} b5 {(02:00} 7. Bb3 {(00:09} d6 {(00:28}
8. a3 {(00:27} O-O {(01:48} 9. Nc3 {(00:13} Bg4 {
(08:49} 10. Be3 {(00:21} Nd4 {(04:42} 11. Bxd4 {
(00:59} exd4 {(00:08} 12. Nd5 {(00:00} Nxd5 {(
05:59} 13. Bxd5 {(00:04} Rb8 {(01:18} 14. h3 {(00:19}
Bxf3 {(00:14} 15. Qxf3 {(00:07} Qd7 {(01:15} 16. Qg3 {
(01:33} Kh8 {(09:47} 17. f4 {(00:27} a5 {(11:40]
} 18. Qf2 {(00:52} c6 {(09:21} 19. Ba2 {(00:09} Bf6 {
(00:32} 20. Rae1 {(08:41} Rbe8 {(01:52} 21. g4 {
(01:56} g6 {(02:22} 22. Qg3 {(14:32} g5 {(09:40]
} 23. fxg5 {(02:39} Bxg5 {(02:26} 24. Rf5 {(00:07} Be3+
{(11:03} 25. Kg2 {(00:10} f6 {(00:03} 26. Ref1 {
(00:13} Kg7 {(01:21} 27. g5 {(05:47} fxg5 {(06:
27} 28. Rf7+ {(00:14} Rxf7 {(00:14} 29. Rxf7+ {(00:11}
Qxf7 {(00:02} 30. Bxf7 {(00:11} Kxf7 {(00:08} 31. Qxd6
{(00:10} Re6 {(00:32} 32. Qd7+ {(00:05} Kf6 {(
00:39} 33. Qxh7 {(00:06} a4 {(02:44} 34. b3 {(00:14}
axb3 {(03:35} 35. cxb3 {(00:13} Ke5 {(00:08} 36. Qc7+ {
(00:31} Kf6 {(00:28} 37. a4 {(00:05} bxa4 {(00:
54} 38. bxa4 {(00:05} Kg6 {(00:08} 39. e5 {(00:56} Bf4
{(01:53} 40. a5 {(00:00} Rxe5 {(00:00} 41. Qxc6+ {
(00:37} 1-0

[Event "42nd Olympiad Baku 2016 Open"]
[Site "Baku"]
[Date "2016.09.02"]
[Round "1.18"]
[White "Del Castilho, Martyn"]
[Black "Nabaty, Tamir"]
[Result "0-1"]
[ECO "B19"]
[WhiteElo "2248"]
[BlackElo "2630"]
[PlyCount "118"]
[EventDate "2016.??.??"]
[EventCountry "AZE"]
[WhiteTeam "Barbados"]
[BlackTeam "Israel"]
[WhiteTeamCountry "BAR"]
[BlackTeamCountry "ISR"]
[TimeControl "40/5400+30:1800+30"]
[WhiteClock "0:13:59"]
[BlackClock "0:48:34"]

1. e4 {(00:00} c6 {(00:00} 2. d4 {(00:00} d5 {(
00:00} 3. Nd2 {(00:44} dxe4 {(00:00} 4. Nxe4 {(00:07}
Bf5 {(00:00} 5. Ng3 {(00:07} Bg6 {(00:05} 6. h4 {
(00:28} h6 {(00:08} 7. Nf3 {(00:15} Nd7 {(00:09]
} 8. h5 {(00:11} Bh7 {(00:07} 9. Bd3 {(00:06} Bxd3 {
(00:06} 10. Qxd3 {(00:06} e6 {(00:05} 11. Bd2 {(
00:24} Ngf6 {(00:27} 12. O-O-O {(00:26} Be7 {(00:08}
13. Kb1 {(03:06} O-O {(00:15} 14. Ne4 {(00:29} Nxe4 {
(01:11} 15. Qxe4 {(00:06} Nf6 {(00:06} 16. Qe2 {
(02:03} Qd5 {(00:27} 17. g4 {(11:34} Qe4 {(08:
26} 18. Qxe4 {(16:14} Nxe4 {(00:07} 19. Be3 {(01:17}
f5 {(01:08} 20. Nd2 {(11:20} Nxd2+ {(02:04} 21. Bxd2 {
(00:17} fxg4 {(00:10} 22. Be3 {(00:27} Bg5 {(14:
47} 23. Rdg1 {(03:52} Bxe3 {(02:23} 24. fxe3 {(00:05}
Rf3 {(00:21} 25. Rxg4 {(01:44} Raf8 {(00:08} 26. Kc1 {
(02:37} Rxe3 {(00:57} 27. Kd2 {(10:47} Ref3 {(
00:18} 28. Rhg1 {(01:25} R8f7 {(00:55} 29. Rg6 {(07:55]
} R3f6 {(01:42} 30. Ke3 {(04:30} Rxg6 {(02:41} 31. Rxg6
{(00:29} Rf6 {(00:30} 32. Rg2 {(01:16} Rf5 {(00:
34} 33. Rh2 {(00:09} Kf7 {(14:07} 34. Ke4 {(01:51} Kf6
{(10:00} 35. c4 {(02:26} e5 {(02:03} 36. dxe5+ {
(05:34} Rxe5+ {(00:06} 37. Kf4 {(03:08} a5 {(00:
44} 38. b3 {(02:03} Ke6 {(03:36} 39. Rg2 {(01:34} Rf5+
{(00:10} 40. Ke4 {(00:00} Rg5 {(00:00} 41. Rh2 {
(01:17} Kd6 {(03:31} 42. Rd2+ {(03:39} Kc5 {(03:
39} 43. Rd7 {(02:43} b6 {(00:08} 44. Rb7 {(00:43} Rg2
{(09:23} 45. Kd3 {(04:26} Rxa2 {(00:44} 46. Rxg7 {
(00:05} Rh2 {(00:05} 47. Rg6 {(01:29} Rxh5 {(00:
22} 48. Kc3 {(01:12} Rh3+ {(00:35} 49. Kb2 {(01:24} b5
{(04:18} 50. cxb5 {(00:20} cxb5 {(00:08} 51. Rf6 {
(00:59} Rh2+ {(01:04} 52. Kc3 {(00:44} b4+ {(02:
45} 53. Kd3 {(00:05} Rh3+ {(01:10} 54. Kc2 {(00:53} h5
{(00:09} 55. Rh6 {(07:45} h4 {(00:57} 56. Rh8 {(
02:01} Rc3+ {(00:24} 57. Kb2 {(00:24} h3 {(00:07} 58.
Rh5+ {(00:26} Kd4 {(00:08} 59. Rxa5 {(03:44} Rg3 {
(00:08} 0-1

[Event "42nd Olympiad Baku 2016 Open"]
[Site "Baku"]
[Date "2016.09.02"]
[Round "1.31"]
[White "Delgadillo, Adonay"]
[Black "Sethuraman, S P."]
[Result "0-1"]
[ECO "B48"]
[WhiteElo "2232"]
[BlackElo "2640"]
[PlyCount "60"]
[EventDate "2016.??.??"]
[EventCountry "AZE"]
[WhiteTeam "Bolivien"]
[BlackTeam "Indien"]
[WhiteTeamCountry "BOL"]
[BlackTeamCountry "IND"]
[TimeControl "40/5400+30:1800+30"]
[WhiteClock "0:00:50"]
[BlackClock "0:02:58"]

1. e4 {(00:00} c5 {(00:09} 2. Nf3 {(00:00} e6 {(
00:31} 3. d4 {(00:00} cxd4 {(00:07} 4. Nxd4 {(00:01}
Nc6 {(00:08} 5. Nc3 {(00:05} Qc7 {(00:08} 6. Be3 {
(00:06} a6 {(00:07} 7. Qd2 {(00:15} Nf6 {(00:18]
} 8. O-O-O {(00:14} Bb4 {(01:17} 9. f3 {(00:06} O-O {
(00:18} 10. Kb1 {(10:02} Rb8 {(04:17} 11. Bg5 {(
26:09} Be7 {(38:52} 12. f4 {(02:51} d6 {(02:34} 13.
Nf3 {(06:36} Rd8 {(01:35} 14. Bd3 {(04:13} b5 {(
03:10} 15. e5 {(01:49} dxe5 {(07:34} 16. fxe5 {(01:20}
Nd5 {(00:10} 17. Nxd5 {(37:41} Rxd5 {(00:37} 18. Qf4 {
(05:41} Bxg5 {(08:15} 19. Nxg5 {(01:14} h6 {(00:
06} 20. Nxf7 {(01:05} Qxf7 {(02:13} 21. Bh7+ {(00:02}
Kf8 {(00:08} 22. Qe4 {(00:32} Rxd1+ {(03:22} 23. Rxd1 {
(00:01} Bb7 {(01:33} 24. Qe2 {(00:50} Ke7 {(09:
07} 25. Rf1 {(00:41} Qe8 {(00:17} 26. Qg4 {(00:30} g5
{(09:18} 27. Qh3 {(00:34} Kd7 {(03:49} 28. Qa3 {
(00:49} Qe7 {(01:05} 29. Qd3+ {(00:30} Kc7 {(00:
10} 30. Bg6 {(00:13} Rd8 {(00:47} 0-1

[Event "42nd Olympiad Baku 2016 Open"]
[Site "Baku"]
[Date "2016.09.02"]
[Round "1.23"]
[White "Dempsey, John"]
[Black "Sadikin The, Irwanto"]
[Result "0-1"]
[ECO "C68"]
[WhiteElo "1952"]
[BlackElo "2327"]
[PlyCount "60"]
[EventDate "2016.??.??"]
[EventCountry "AZE"]
[WhiteTeam "Amerikanische Jungferninseln"]
[BlackTeam "Indonesien"]
[WhiteTeamCountry "ISV"]
[BlackTeamCountry "INA"]
[TimeControl "40/5400+30:1800+30"]
[WhiteClock "0:50:51"]
[BlackClock "0:35:38"]

1. e4 {(00:00} e5 {(00:00} 2. Nf3 {(00:00} Nc6 {
(00:00} 3. Bb5 {(00:00} a6 {(00:22} 4. Bxc6 {(
00:02} dxc6 {(00:08} 5. O-O {(00:05} Qd6 {(01:58} 6.
d4 {(01:28} exd4 {(01:04} 7. Qxd4 {(01:26} Qxd4 {
(01:43} 8. Nxd4 {(00:11} Bd7 {(00:03} 9. Bf4 {(
02:33} O-O-O {(00:09} 10. Nd2 {(01:32} Ne7 {(06:56}
11. Nc4 {(08:54} Ng6 {(06:31} 12. Be3 {(00:15} c5 {
(01:28} 13. Nf3 {(06:33} f6 {(05:06} 14. h3 {(
02:31} Re8 {(10:09} 15. Nfd2 {(02:58} Be6 {(05:27} 16.
f3 {(03:16} f5 {(01:12} 17. Rfe1 {(01:39} fxe4 {
(00:47} 18. f4 {(05:52} h5 {(08:05} 19. Ne5 {(
02:36} Bf5 {(01:50} 20. Nxg6 {(00:41} Bxg6 {(00:05}
21. g3 {(00:19} Bf5 {(01:04} 22. Kg2 {(00:59} b6 {
(00:26} 23. Bf2 {(03:44} e3 {(08:33} 24. Bxe3 {(
01:21} Bxc2 {(00:08} 25. Nc4 {(00:36} Be7 {(01:10} 26.
Rac1 {(01:07} Be4+ {(00:20} 27. Kf2 {(00:17} Bd5 {
(01:28} 28. b3 {(00:22} Bf6 {(00:21} 29. Red1 {(
02:31} Be6 {(02:19} 30. Kg2 {(00:21} Bxc4 0-1

[Event "42nd Olympiad Baku 2016 Open"]
[Site "Baku"]
[Date "2016.09.02"]
[Round "1.21"]
[White "Dervishi, Erald"]
[Black "Sayed Hassan, Mohamed"]
[Result "1-0"]
[ECO "B19"]
[WhiteElo "2564"]
[BlackElo "2219"]
[PlyCount "109"]
[EventDate "2016.??.??"]
[EventCountry "AZE"]
[WhiteTeam "Albanien"]
[BlackTeam "Ägypten"]
[WhiteTeamCountry "ALB"]
[BlackTeamCountry "EGY"]
[TimeControl "40/5400+30:1800+30"]
[WhiteClock "0:27:18"]
[BlackClock "0:15:50"]

1. e4 {(00:00} c6 {(00:00} 2. d4 {(00:00} d5 {(
00:00} 3. Nc3 {(00:00} dxe4 {(00:16} 4. Nxe4 {(00:00}
Bf5 {(00:22} 5. Ng3 {(00:04} Bg6 {(00:13} 6. h4 {
(00:08} h6 {(00:18} 7. Nf3 {(00:08} Nd7 {(00:23]
} 8. h5 {(00:12} Bh7 {(00:20} 9. Bd3 {(00:08} Bxd3 {
(00:18} 10. Qxd3 {(00:08} e6 {(00:41} 11. Bd2 {(
00:15} Ngf6 {(00:22} 12. O-O-O {(00:24} b5 {(00:33}
13. Ne4 {(01:13} Be7 {(02:25} 14. Nxf6+ {(03:32} Nxf6 {
(01:34} 15. Ne5 {(00:38} Qd5 {(12:49} 16. Kb1 {(
00:34} Rc8 {(02:44} 17. g4 {(05:48} Qe4 {(07:56} 18.
Qg3 {(08:09} Qd5 {(04:11} 19. f3 {(03:52} Nh7 {(
06:16} 20. Rhe1 {(10:19} Ng5 {(04:19} 21. Bxg5 {(18:21]
} Bxg5 {(00:53} 22. f4 {(00:14} Be7 {(00:32} 23. f5 {
(04:46} O-O {(07:30} 24. fxe6 {(02:38} fxe6 {(
03:41} 25. Ng6 {(02:44} Bd6 {(02:51} 26. Qe3 {(02:54}
Rf6 {(01:03} 27. Ne5 {(03:12} Rd8 {(05:15} 28. Rd3 {
(08:41} Bb4 {(06:37} 29. Red1 {(01:40} Be7 {(02:
39} 30. g5 {(04:18} Rf5 {(02:32} 31. gxh6 {(00:08} Bg5
{(00:56} 32. Qe2 {(01:22} Bxh6 {(00:48} 33. a3 {
(00:44} a5 {(02:00} 34. Rg1 {(06:07} Rdf8 {(01:
56} 35. Qd1 {(05:23} b4 {(03:15} 36. a4 {(00:23} c5 {
(01:05} 37. Ng6 {(01:11} Re8 {(08:28} 38. dxc5 {
(00:03} Qxc5 {(04:36} 39. Rd8 {(00:38} Rff8 {(
00:34} 40. Nxf8 {(00:00} Rxf8 {(00:00} 41. Rxf8+ {(01:
39} Qxf8 {(00:51} 42. Qd7 {(00:33} Qf7 {(05:03} 43.
Qd8+ {(07:34} Kh7 {(01:16} 44. Qxa5 {(00:08} Be3 {
(02:25} 45. Rd1 {(00:59} b3 {(03:47} 46. Qc3 {(
03:33} bxc2+ {(01:45} 47. Qxc2+ {(00:11} Kh6 {(04:14}
48. Re1 {(00:14} Bf4 {(00:53} 49. a5 {(03:02} e5 {
(00:20} 50. Qg6+ {(00:22} Qxg6+ {(05:59} 51. hxg6 {
(00:20} Bg3 {(00:17} 52. Rh1+ {(00:29} Kg5 {(00:
30} 53. Rg1 {(00:06} Kf4 {(00:19} 54. Rxg3 {(00:02}
Kxg3 {(00:20} 55. a6 {(00:01} 1-0

[Event "42nd Olympiad Baku 2016 Open"]
[Site "Baku"]
[Date "2016.09.02"]
[Round "1.28"]
[White "Di Berardino, Diego Rafael"]
[Black "Ben Ammar, Mohamed"]
[Result "1-0"]
[ECO "C78"]
[WhiteElo "2499"]
[BlackElo "1929"]
[PlyCount "63"]
[EventDate "2016.??.??"]
[EventCountry "AZE"]
[WhiteTeam "Brasilien"]
[BlackTeam "Tunesien"]
[WhiteTeamCountry "BRA"]
[BlackTeamCountry "TUN"]
[TimeControl "40/5400+30:1800+30"]
[WhiteClock "0:43:43"]
[BlackClock "0:01:04"]

1. e4 {(01:10} e5 {(00:00} 2. Nf3 {(00:04} Nc6 {
(00:00} 3. Bb5 {(00:21} a6 {(00:08} 4. Ba4 {(00:
05} Nf6 {(00:20} 5. O-O {(00:07} b5 {(00:04} 6. Bb3 {
(00:03} Bc5 {(00:18} 7. Nc3 {(01:20} d6 {(03:31]
} 8. Nd5 {(01:53} Be6 {(17:53} 9. c3 {(03:30} Ba7 {
[%emt 1:00:08} 10. d4 {(04:00} Bxd5 {(07:21} 11. exd5 {
(00:18} Na5 {(01:20} 12. Bc2 {(05:55} O-O {(02:
10} 13. Bg5 {(02:26} h6 {(00:40} 14. Bh4 {(01:12} g5 {
(01:14} 15. Nxg5 {(10:40} hxg5 {(00:09} 16. Bxg5 {
(00:09} Kg7 {(00:34} 17. Qf3 {(01:01} Rg8 {(01:
02} 18. Rfe1 {(02:30} exd4 {(01:21} 19. Re4 {(03:10}
Nxe4 {(00:39} 20. Bxd8 {(00:10} d3 {(00:35} 21. Qxe4 {
(01:47} Raxd8 {(00:31} 22. Bxd3 {(00:55} Rde8 {(
00:13} 23. Qh7+ {(04:42} Kf8 {(00:14} 24. Qh6+ {(00:09]
} Rg7 {(00:12} 25. Kf1 {(02:10} Nc4 {(00:41} 26. Bxc4 {
(02:04} bxc4 {(00:02} 27. Re1 {(00:53} Rb8 {(00:
02} 28. Re4 {(02:27} Kg8 {(00:36} 29. Rh4 {(02:14} f6
{(01:36} 30. Qxf6 {(02:17} Rxb2 {(00:45} 31. Qd8+ {
(02:22} Kf7 {(00:07} 32. Qd7+ {(00:13} 1-0

[Event "42nd Olympiad Baku 2016 Open"]
[Site "Baku"]
[Date "2016.09.02"]
[Round "1.28"]
[White "Djukic, Nikola"]
[Black "Blijstra, Wim"]
[Result "0-1"]
[ECO "B90"]
[WhiteElo "2534"]
[BlackElo "2216"]
[PlyCount "70"]
[EventDate "2016.??.??"]
[EventCountry "AZE"]
[WhiteTeam "Montenegro"]
[BlackTeam "Niederländische Antillen"]
[WhiteTeamCountry "MNE"]
[BlackTeamCountry "AHO"]
[TimeControl "40/5400+30:1800+30"]
[WhiteClock "0:00:36"]
[BlackClock "0:12:26"]

1. e4 {(00:00} c5 {(00:00} 2. Nf3 {(00:00} d6 {(
00:07} 3. d4 {(00:00} cxd4 {(00:10} 4. Nxd4 {(00:00}
Nf6 {(00:03} 5. Nc3 {(00:00} a6 {(00:10} 6. a4 {
(02:57} Nc6 {(09:21} 7. Be2 {(00:56} g6 {(05:02]
} 8. Nb3 {(03:20} Bg7 {(01:55} 9. O-O {(00:37} O-O {
(00:16} 10. Bg5 {(01:22} Be6 {(03:37} 11. Re1 {(
02:35} Na5 {(07:03} 12. Nd4 {(14:01} Bc4 {(02:59} 13.
Bf3 {(00:34} h6 {(12:08} 14. Be3 {(04:47} Kh7 {(
02:33} 15. Qd2 {(06:13} Rc8 {(05:52} 16. b3 {(09:31}
Be6 {(00:28} 17. Nd5 {(01:19} Nc6 {(12:18} 18. Nxf6+ {
(04:44} Bxf6 {(00:43} 19. Nxc6 {(06:00} bxc6 {(
00:27} 20. Bxh6 {(00:27} Rg8 {(00:30} 21. Be3 {(09:01}
Bxa1 {(00:57} 22. Rxa1 {(00:16} c5 {(00:05} 23. Be2 {
(01:06} a5 {(02:55} 24. f4 {(07:06} f6 {(03:50}
25. Rf1 {(02:28} c4 {(02:44} 26. f5 {(06:40} Bf7 {
(08:49} 27. fxg6+ {(02:33} Rxg6 {(03:17} 28. Bh5 {
(02:01} cxb3 {(00:43} 29. Bxg6+ {(07:48} Bxg6 {(
00:03} 30. cxb3 {(00:15} Bxe4 {(01:21} 31. Rf4 {(02:46]
} Rc2 {(01:45} 32. Qd1 {(03:16} Rxg2+ {(01:15} 33. Kf1
{(00:04} Qa8 {(00:10} 34. Qh5+ {(01:33} Kg7 {(
00:27} 35. Qh3 {(00:38} Qa6+ {(01:01} 0-1

[Event "42nd Olympiad Baku 2016 Open"]
[Site "Baku"]
[Date "2016.09.02"]
[Round "1.7"]
[White "Dragnev, Valentin"]
[Black "Alhadad, Mahmoud"]
[Result "1-0"]
[ECO "C00"]
[WhiteElo "2430"]
[BlackElo "1999"]
[PlyCount "52"]
[EventDate "2016.??.??"]
[EventCountry "AZE"]
[WhiteTeam "Österreich"]
[BlackTeam "Palästina"]
[WhiteTeamCountry "AUT"]
[BlackTeamCountry "PLE"]
[TimeControl "40/5400+30:1800+30"]
[WhiteClock "0:07:49"]
[BlackClock "0:00:32"]

1. e4 {(00:00} e6 {(00:00} 2. d4 {(00:00} c5 {(
00:09} 3. d5 {(02:12} d6 {(02:11} 4. Nc3 {(00:42} Nf6
{(02:27} 5. Be2 {(01:43} Be7 {(00:50} 6. Nf3 {(
00:09} O-O {(04:43} 7. O-O {(09:42} exd5 {(09:01} 8.
exd5 {(03:55} a6 {(01:10} 9. a4 {(00:10} Bf5 {(
00:38} 10. Nd2 {(04:13} Nbd7 {(02:03} 11. a5 {(15:37}
b5 {(12:27} 12. axb6 {(00:52} Nxb6 {(12:35} 13. Nc4 {
(03:49} Ne4 {(11:15} 14. Na4 {(06:17} Nxc4 {(01:
10} 15. Bxc4 {(00:07} h6 {(18:07} 16. Re1 {(06:41} Bh4
{(05:35} 17. g3 {(10:19} Ng5 {(04:16} 18. Bf1 {(
10:56} Nh3+ {(05:12} 19. Bxh3 {(00:07} Bxh3 {(00:09}
20. Qh5 {(03:40} Re8 {(05:17} 21. Bd2 {(01:15} g5 {
(00:42} 22. gxh4 {(00:28} Qf6 {(00:26} 23. hxg5 {
(07:34} Qf5 {(00:02} 24. Nb6 {(01:39} Rab8 {(00:
46} 25. Nc4 {(00:23} Bg4 {(00:47} 26. Qxh6 {(02:41}
Qxd5 1-0

[Event "42nd Olympiad Baku 2016 Open"]
[Site "Baku"]
[Date "2016.09.02"]
[Round "1.17"]
[White "Drayton, Anthony"]
[Black "Nedev, Trajko"]
[Result "0-1"]
[ECO "D71"]
[WhiteElo "1923"]
[BlackElo "2484"]
[PlyCount "110"]
[EventDate "2016.??.??"]
[EventCountry "AZE"]
[WhiteTeam "Guyana"]
[BlackTeam "Mazedonien"]
[WhiteTeamCountry "GUY"]
[BlackTeamCountry "MKD"]
[TimeControl "40/5400+30:1800+30"]
[WhiteClock "0:21:04"]
[BlackClock "0:14:16"]

1. d4 {(00:11} Nf6 {(00:00} 2. c4 {(00:12} g6 {(
00:00} 3. g3 {(00:12} Bg7 {(00:16} 4. Bg2 {(00:15} O-O
{(02:24} 5. Nc3 {(01:28} d6 {(00:09} 6. e4 {(01:
31} c5 {(08:06} 7. dxc5 {(10:34} dxc5 {(00:28} 8. Qxd8
{(00:16} Rxd8 {(00:05} 9. e5 {(00:58} Ng4 {(11:
10} 10. Nd5 {(04:03} Nc6 {(00:49} 11. f4 {(05:46} f6 {
(07:46} 12. h3 {(06:30} Nh6 {(00:07} 13. exf6 {(
03:49} exf6 {(00:09} 14. Be3 {(00:34} Nf5 {(03:12} 15.
Bf2 {(01:18} Re8+ {(21:42} 16. Kf1 {(00:22} Rb8 {
(00:09} 17. Ne2 {(00:52} Nfd4 {(06:24} 18. Nxd4 {
(01:23} Nxd4 {(00:51} 19. Bxd4 {(00:37} cxd4 {(
00:06} 20. Rd1 {(00:14} f5 {(01:31} 21. b3 {(01:25}
Bd7 {(05:14} 22. Nb4 {(03:27} a5 {(12:22} 23. Nd3 {
(06:26} b5 {(04:06} 24. Nc5 {(01:10} Bc8 {(00:
51} 25. Bc6 {(01:28} Re3 {(00:15} 26. cxb5 {(01:10}
Rxg3 {(00:11} 27. Kf2 {(00:43} Rc3 {(00:13} 28. Rc1 {
(00:31} Bf8 {(01:00} 29. Rxc3 {(00:51} dxc3 {(
00:01} 30. Na4 {(00:33} Bd6 {(05:42} 31. Nxc3 {(05:11}
Bxf4 {(00:21} 32. Rd1 {(00:28} Be6 {(01:19} 33. Bd5 {
(02:30} Kf7 {(00:26} 34. a4 {(02:12} Be5 {(03:
27} 35. Rd3 {(03:19} g5 {(00:48} 36. Ne2 {(04:33} Rc8
{(03:46} 37. Bc6 {(02:19} h5 {(00:59} 38. Ke3 {(
09:43} Kf6 {(00:33} 39. Nc3 {(02:21} f4+ {(00:36} 40.
Kf2 {(00:00} g4 {(00:00} 41. hxg4 {(02:31} hxg4 {
(05:41} 42. Nd5+ {(00:42} Kg5 {(01:25} 43. Nb6 {
(00:58} Rh8 {(02:33} 44. Nc4 {(00:19} Bc7 {(02:
21} 45. Nd2 {(07:08} Bb6+ {(06:17} 46. Kg2 {(01:10}
f3+ {(00:13} 47. Bxf3 {(01:17} gxf3+ {(00:09} 48. Nxf3+
{(00:11} Kf4 {(00:11} 49. Kf1 {(07:17} Bf5 {(04:
29} 50. Rc3 {(00:35} Rh3 {(00:26} 51. Ke2 {(03:49} Be4
{(00:23} 52. Rc8 Bxf3+ {(00:08} 53. Kd2 {(05:41} Be4 {
(00:38} 54. Rf8+ {(00:38} Bf5 {(00:16} 55. Rb8 {
(02:45} Rh2+ 0-1